 Dungeon Crawl Stone Soup version 0.29.1-1-gd02db6906a (webtiles) character file.

Game seed: 14965141397465742493

86 sentinel the Digger (level 5, -4/38 HPs)
             Began as a Meteoran Earth Elementalist on Sept 27, 2022.
             Slain by an orc
             ... wielding a +0 flail
              (7 damage)
             ... on level 4 of the Dungeon.
             The game lasted 00:01:34 (190 turns).

sentinel the Digger (Meteoran Earth Elementalist)    Turns: 190, Time: 00:01:35

Health: -4/38      AC:  3    Str:  9    XL:     5   Next: 6%
Magic:  0/11       EV: 12    Int: 18    God:
Gold:   0          SH:  0    Dex: 15    Spells: 5/11 levels left

rFire   . . .      SeeInvis .   (no weapon)
rCold   . . .      Faith    +   (no shield)
rNeg    . . .      Spirit   .   a - +0 robe
rPois   .          Reflect  .   g - +1 hat
rElec   .          Harm     .   (no cloak)
rCorr   .          Rampage  .   (no gloves)
Will    .....                   (no boots)
Stlth   +.........              f - amulet of faith
HPRegen 0.12/turn               (no ring)
MPRegen 0.12/turn               (no ring)

@: lethally poisoned (-4 -> -7), glowing
A: sense surroundings 1, otherworldly, glowing, explore regen
a: no special abilities


You were on level 4 of the Dungeon.
You visited 1 branch of the dungeon, and saw 4 of its levels.

Inventory:

Armour
 a - a +0 robe (worn)
 g - a +1 hat (worn)
Jewellery
 f - an amulet of faith (around neck)
Wands
 I - a wand of roots (8)
Scrolls
 d - a scroll of butterflies {unknown}
 e - a scroll of summoning {unknown}
Potions
 b - a potion of magic
 c - a potion of curing {unknown}


   Skills:
 - Level 2.4 Dodging
 - Level 1.4 Stealth
 * Level 3.6 Spellcasting
 * Level 2.2 Conjurations
 - Level 1.2 Transmutations
 + Level 5.0 Earth Magic


You had 5 spell levels left.
You knew the following spells:

 Your Spells              Type           Power      Damage    Failure   Level
a - Sandblast             Erth           42%        2d11      1%          1
b - Stone Arrow           Conj/Erth      32%        3d9       11%         3
c - Passwall              Tmut/Erth      11%        N/A       6%          2

Your spell library contained the following spells:

 Spells                   Type           Power      Damage    Failure   Level
 Petrify                  Tmut/Erth      14%        N/A       38%         4


Dungeon Overview and Level Annotations

Branches:
Dungeon (4/15) Zot: 2197
 Temple: D:4-7

Altars:


Innate Abilities, Weirdness & Mutations

You passively map a small area around you.
You are easily found by Zot.
You glow in the dark.
You regain HP and MP as you explore.


Message History

Found a scroll labelled ZYENAH AGINY.
There is a stone staircase leading down here.
You see here a scroll labelled ZYENAH AGINY.
d - a scroll labelled ZYENAH AGINY
There is a stone staircase leading down here.
The blast of sand hits the hobgoblin but does no damage.
The blast of sand hits the hobgoblin!
You kill the hobgoblin!
You can't see any susceptible monsters within range! (Use Z to cast anyway.)
You climb downwards.
The kobold shouts!
There is a stone staircase leading up here.
The blast of sand misses the kobold.
The blast of sand misses the kobold.
The kobold closely misses you.
The blast of sand hits the kobold!
You kill the kobold!
You have reached level 3!
Your experience leads to an increase in your attributes!
Increase (s)trength, (i)ntelligence, or (d)exterity?
You feel clever. x2; You feel agile.
Memorise Passwall, consuming 2 spell levels and leaving 4?
You start memorising the spell.
You continue memorising. x2
You finish memorising.
Spell assigned to 'c'.
This spell is quite dangerous to cast!
Memorise Stone Arrow, consuming 3 spell levels and leaving 1?
You start memorising the spell.
You continue memorising. x3
You finish memorising.
Spell assigned to 'b'.
Found a worn fluorescent wand.
I - a wand of roots (10)
Found an escape hatch in the floor.
Found a stone staircase leading down.
There is an escape hatch in the floor here.
There is a stone staircase leading down here.
You climb downwards.
Found 5 gold pieces and a runed mace.
There is a stone staircase leading up here.
There is a stone staircase leading up here.
You climb upwards.
There is a stone staircase leading down here.
There is an escape hatch in the floor here.
You slide downwards.
The hatch slams shut behind you.
An orc comes into view. It is wielding a +2 mace of protection.
The blast of sand hits the orc!
You kill the orc!
You can't see any susceptible monsters within range! (Use Z to cast anyway.)
Found a scroll labelled XEILET XYTOIHA.
Found a thick pearl amulet.
You open the large door.
e - a scroll labelled XEILET XYTOIHA You open the door.
There is a large open door here.
There is a large open door here.
Autopickup is now off.
You see here an amulet of faith.
You start putting on your amulet.
You continue putting on your amulet of faith. x5
You finish putting on your amulet of faith.
You feel a strange surge of divine interest.
f - an amulet of faith (around neck)
Found an embroidered hat.
You see here a +1 hat.
You start putting on your armour.
You continue putting on your +1 hat. x4
You finish putting on your +1 hat. 2 orcs come into view.
The orc shouts! x2; You hear a shout! x2
An orc priest comes into view. It is wielding a +0 short sword.
An orc wizard comes into view. It is wielding a +0 dagger.
You hear a shout!
The blast of sand hits the orc.
The orc is severely wounded.
You hear an angry hiss.
The blast of sand hits the orc.
You kill the orc!
An adder comes into view.
An orc comes into view. It is wielding a +0 flail.
The blast of sand hits the orc wizard.
The orc wizard is heavily wounded.
The adder hisses angrily.
The blast of sand hits the orc wizard!
You kill the orc wizard!
Your Spellcasting skill increases to level 3!
Your Conjurations skill increases to level 1!
You have reached level 4!
The blast of sand hits the orc priest!
The orc priest is heavily wounded.
The orc priest hits you with a +0 short sword.
The blast of sand hits the orc priest.
The orc priest is severely wounded.
The orc priest hits you with a +0 short sword.
The orc priest invokes the aid of Beogh against you.
Pain shoots through your body!
The blast of sand hits the orc priest but does no damage.
The orc priest is severely wounded.
The blast of sand hits the orc!
You kill the orc!
The orc priest hits you with a +0 short sword.
Casting: Sandblast (safe; 2% risk of failure)
Confirm with . or Enter, or press ? or * to list all spells.
Aiming: Sandblast (safe; 2% risk of failure)
Press: ? - help, Shift-Dir - straight line, f - adder
Aim: an adder (72% to hit)
The blast of sand hits the orc priest!
You kill the orc priest!
The adder bites you.
Your Conjurations skill increases to level 2!
Your Earth Magic skill increases to level 5!
The adder attacks as you move away! The adder barely misses you.
The adder attacks as you move away! The adder bites you but does no damage.
Okay, then.
You don't have any such object.
Evoke which item? (* to show all) (? for menu, Esc to quit)
Aiming: Fastroot
Press: ? - help, Shift-Dir - straight line, f/p - adder
Aim: an adder The roots erupt in riotous growth!
Roots grab the adder.
The grasping roots constrict the adder.
You hear a shout!
The adder bites you but does no damage. x2
You hit the adder but do no damage.
The adder is moderately wounded.
The grasping roots constrict the adder.
The roots release their grip on the adder.
The adder bites you.
You are poisoned.
The adder poisons you!
Casting: Sandblast (safe; 1% risk of failure)
Confirm with . or Enter, or press ? or * to list all spells.
Aiming: Sandblast (safe; 1% risk of failure)
Press: ? - help, Shift-Dir - straight line, f/p - adder
Aim: an adder (almost dead, 72% to hit)
The blast of sand hits the adder!
You kill the adder!
You feel sick. The orc hits you with a +0 flail!
* * * LOW HITPOINT WARNING * * *
You have reached level 5!
HP warning!
Okay, then.
Aiming: Fastroot
Press: ? - help, Shift-Dir - straight line, f - orc
Aim: an orc, wielding a +0 flail The roots erupt in riotous growth!
Roots grab the orc.
The grasping roots constrict the orc.
* * * LOW HITPOINT WARNING * * *
You feel sick.
You hear a shout!
The orc hits you with a +0 flail!
You die...

....##.........# , *
.##.#**..... .#* ###.#
*....,** .#*, # #.#
... , ,.. ###.# #+# *
.#* ....# #.# *S#
##### ###.# .# #
##.#.#########)# ####
#.#.......@o.).#
...#*#.#.....#########
##.##.###...##
##.#.###.....#
.........##.##
##.###.###.## *#.#
##.# # ..# *#.# ####
##


You could see an orc (rooted).

Vanquished Creatures
  An orc priest (D:4)
  An orc wizard (D:4)
  2 adders
  3 orcs (D:4)
  A bat (D:3)
  An endoplasm (D:3)
  2 hobgoblins
  A kobold (D:3)
  A rat (D:3)
13 creatures vanquished.

Notes
Turn   | Place    | Note
-------+----------+-------------------------------------------
     0 | D:1      | sentinel the Meteoran Earth Elementalist began the quest
                  | for the Orb.
     0 | D:1      | Reached XP level 1. HP: 14/14 MP: 5/5
    12 | D:3      | Reached skill level 4 in Earth Magic
    12 | D:3      | Reached XP level 2. HP: 16/20 MP: 1/6
    38 | D:3      | Reached XP level 3. HP: 26/26 MP: 2/8
    41 | D:3      | Learned a level 2 spell: Passwall
    45 | D:3      | Learned a level 3 spell: Stone Arrow
   179 | D:4      | Reached skill level 1 in Conjurations
   179 | D:4      | Reached XP level 4. HP: 33/33 MP: 4/9
   185 | D:4      | Reached skill level 5 in Earth Magic
   190 | D:4      | Reached XP level 5. HP: 4/38 MP: 0/11
   190 | D:4      | Slain by an orc

Illustrated notes

Levels and vault maps discovered:
D:1:      onia_arrival_handbag, layout_basic, serial_shops,
          nicolae_shop_temple_entry_statues_fountains, minmay_pentomino_t4
D:2:      kennysheep_big_flooded_room, layout_loops_ring,
          shapermc_ecumenical_altar_acropolis, minmay_misc_feat_rugged,
          uniq_natasha
D:3:      lemuel_castle_with_subvaults [lemuel_castle_interior_carwin_1],
          layout_basic, chequers_serial_rivers_small_b
D:4:      minmay_polygon_palace, layout_loops_corners,
          pdpol_wu_jian_five_deadly_venoms, minmay_misc_feat_square,
          chequers_serial_rivers_micro_d, kennysheep_generic_room_12

Skill      XL: |  1  2  3  4 |
---------------+-------------+-----
Earth Magic    | 4 5 |  5.0
Spellcasting   | 3 |  3.6
Conjurations   | 1 2 |  2.2
Dodging        | |  2.4
Stealth        | |  1.4
Transmutations | |  1.2

Action                   |  1- 3 |  4- 6 || total
-------------------------+-------+-------++-------
Melee: Unarmed           |       |     1 ||     1
 Cast: Sandblast         |    18 |     6 ||    24
Evoke: Wand              |       |     2 ||     2
Armor: Robe              |     1 |     3 ||     4
Dodge: Dodged            |     7 |     1 ||     8
